 Dungeon Sprint DCSS version 0.28-a0-206-gc2c9e32840 (webtiles) character file.

Game seed: 17809165653082027526

2762 MikeHunt the Thaumaturge (level 10, -5/83 HPs)
             Began as a Djinni Air Elementalist on Aug 20, 2021.
             Was a Priest of Makhleb.
             Slain by a tengu warrior (6 damage)
             ... in the Dungeon (Sprint IX: "|||||||||||||||||||||||||||||").
             The game lasted 00:04:57 (827 turns).

MikeHunt the Thaumaturge (Djinni Air Elementalist)   Turns: 827, Time: 00:04:57

Health: -5/83      AC:  8    Str: 10    XL:     10   Next: 0%
Gold:   0          EV: 16    Int: 18    God:    Makhleb [***...] SH:  0 Dex: 13

rFire   + + .      SeeInvis .   j - +2 scimitar of Megalomania {flame, rC+}
rCold   . . .      Faith    .   (no shield)
rNeg    . . .      Spirit   .   a - +0 robe
rPois   ∞          Reflect  .   (no helmet)
rElec   .          Harm     .   k - +0 cloak
rCorr   .          Rampage  .   l - +0 pair of gloves
Will    +....      NoTele   +   (boots unavailable)
Stlth   ++........              (no amulet)
HPRegen 0.23/turn               n - +2 ring of protection
MPRegen 0.00/turn               o - +2 ring of protection

@: flying, very slightly contaminated, invisible (expiring)
A: sickness immunity, fire resistance 2, cold vulnerability 1, float, innate
caster, hp casting, extra vitality 1
a: Renounce Religion, Minor Destruction, Lesser Servant of Makhleb


You were in the Dungeon.
You worshipped Makhleb.
Makhleb was most pleased with you.
You visited 1 branch

Inventory:

Hand Weapons
 g - a +0 dagger
 j - the +2 scimitar of Megalomania (weapon) {flame, rC+}
   (You found it in the Dungeon)

   It burns those it strikes, dealing additional fire damage.
   Big, fiery blades are also staple armaments of hydra-hunters.
   rC:        It protects you from cold.
Armour
 a - a +0 robe (worn)
 k - a +0 cloak (worn)
 l - a +0 pair of gloves (worn)
 m - a +1 chain mail
Jewellery
 n - a +2 ring of protection (left hand)
 o - a +2 ring of protection (right hand)
Wands
 i - a wand of iceblast (9)
Scrolls
 f - 2 scrolls of blinking
Potions
 b - 5 potions of curing
 e - a potion of berserk rage


   Skills:
 + Level 11.4 Fighting
 + Level 10.2 Dodging
 - Level 1.5 Stealth
 * Level 12.6 Spellcasting


You had 15 spell levels left.
You knew the following spells:

 Your Spells              Type           Power      Damage    Failure   Level
a - Summon Small Mammal   Summ           100%       N/A       1%          1
b - Stone Arrow           Conj/Erth      100%       3d13      1%          3
c - Passwall              Tmut/Erth      45%        N/A       1%          2
d - Airstrike             Air            27%        N/A       1%          4
e - Shock                 Conj/Air       100%       1d9       1%          1
m - Swiftness             Air            54%        N/A       1%          3
w - Static Discharge      Conj/Air       54%        N/A       1%          2
x - Ozocubu's Armour      Ice            54%        N/A       1%          3
Your spell library was empty.

Dungeon Overview and Level Annotations

Branches:
Dungeon (1/1)

Altars:
Cheibriados
Dithmenos
Elyvilon
Fedhas
Gozag
Hepliaklqana
Kikubaaqudgha
Makhleb
Nemelex Xobeh
Okawaru
Qazlal
Ru
Sif Muna
Trog
Uskayaw
Vehumet
Wu Jian
Xom
Yredelemnul
Zin
The Shining One
Beogh
Jiyva
Lugonu


Innate Abilities, Weirdness & Mutations

You are immune to sickness and miasma.
You are immune to poison.
Your flesh is very heat resistant. (rF++)
You are vulnerable to cold. (rC-)
You float through the air rather than walking.
You learn spells naturally, not from books.
Your magical power is your life essence.
You have superior vitality. (+4 HP)


Message History

The stone arrow misses the tengu warrior.
The stone arrow hits the tengu warrior!
The tengu warrior is lightly wounded.
* * * LOW HITPOINT WARNING * * *
Casting: Stone Arrow (safe; 1% risk of failure)
Confirm with . or Enter, or press ? or * to list all spells.
Aiming: Stone Arrow (safe; 1% risk of failure)
Press: ? - help, Shift-Dir - straight line, f/p - tengu warrior
Aim: a tengu warrior, wielding a +0 great sword and wearing a +0 ring mail (almost dead, 61% to hit)
The stone arrow hits the tengu warrior!!
You kill the tengu warrior!
Makhleb accepts your kill.
* * * LOW HITPOINT WARNING * * *
Your Fighting skill increases to level 11!
Your Dodging skill increases to level 10!
You have reached level 10!
Casting: Stone Arrow (safe; 1% risk of failure)
Confirm with . or Enter, or press ? or * to list all spells.
Aiming: Stone Arrow (safe; 1% risk of failure)
Press: ? - help, Shift-Dir - straight line, f - tengu warrior
Aim: a tengu warrior, wielding a +0 great sword and wearing a +0 leather armour (lightly wounded, 58% to hit)
The stone arrow misses the tengu warrior.
* * * LOW HITPOINT WARNING * * *
The tengu warrior closely misses you.
The tengu warrior completely misses you.
The tengu warrior claws you.
* * * LOW HITPOINT WARNING * * *
Casting: Stone Arrow (safe; 1% risk of failure)
Confirm with . or Enter, or press ? or * to list all spells.
Aiming: Stone Arrow (safe; 1% risk of failure)
Press: ? - help, Shift-Dir - straight line, f/p - tengu warrior
Aim: a tengu warrior, wielding a +0 great sword and wearing a +0 leather armour (lightly wounded, 58% to hit)
The stone arrow hits the tengu warrior!
The tengu warrior is moderately wounded.
* * * LOW HITPOINT WARNING * * *
You flicker for a moment.
The tengu warrior hits you with a +0 great sword!
* * * LOW HITPOINT WARNING * * *
The tengu warrior misses you. The tengu warrior claws you.
You die...

▓!▓
▓?▓
▓)▓
▓.▓
▓.▓
▓.▓
▓.▓
▓.▓
▓@▓
▓Q▓
▓†▓
▓.▓
▓.▓
▓.▓
▓.▓
▓.▓
▓'▓


You could see a tengu warrior.

Vanquished Creatures
  A centaur warrior (D)
  A two-headed ogre (D)
  A tengu warrior (D)
  An ugly thing (D)
  A vampire mosquito (D)
  An acid dragon (D)
  An orc warrior (D)
  A black bear (D)
  An ice beast (D)
  A phantom (D)
  A wight (D)
  An adder zombie (D)
  A worm (D)
  A dart slug (D)
  An orc (D)
  A giant cockroach (D)
  A goblin (D)
  A frilled lizard (D)
  A giant cockroach zombie (D)
  A quokka zombie (D)
  A rat (D)
21 creatures vanquished.

Notes
Turn   | Place    | Note
-------+----------+-------------------------------------------
     0 | D        | MikeHunt the Djinni Air Elementalist began the quest for
                  | the Orb.
     0 | D        | Reached XP level 1. HP: 15/15 MP: 0/0
     6 | D        | Reached skill level 1 in Fighting
     6 | D        | Reached skill level 3 in Spellcasting
     8 | D        | Reached XP level 2. HP: 17/23 MP: 0/0
    82 | D        | Noticed a black bear
    82 | D        | Noticed a phantom
    82 | D        | Noticed an ice beast
    89 | D        | Killed a black bear
    90 | D        | Reached skill level 5 in Fighting
    90 | D        | Reached skill level 6 in Spellcasting
    90 | D        | Reached XP level 3. HP: 18/33 MP: 0/0
    90 | D        | Learned a level 1 spell: Summon Small Mammal
    90 | D        | Reached XP level 4. HP: 21/39 MP: 0/0
    90 | D        | Reached XP level 5. HP: 23/43 MP: 0/0
    90 | D        | Learned a level 2 spell: Passwall
    93 | D        | Killed a phantom
    94 | D        | Reached skill level 7 in Spellcasting
    94 | D        | Killed an ice beast
    95 | D        | Reached skill level 8 in Spellcasting
    95 | D        | Reached XP level 6. HP: 6/53 MP: 0/0
   374 | D        | Found a snail-covered altar of Cheibriados.
   374 | D        | Found a shadowy altar of Dithmenos.
   374 | D        | Found a white marble altar of Elyvilon.
   374 | D        | Found a blossoming altar of Fedhas.
   374 | D        | Found an opulent altar of Gozag.
   375 | D        | Found a hazy altar of Hepliaklqana.
   376 | D        | Found a viscous altar of Jiyva.
   378 | D        | Found a corrupted altar of Lugonu.
   379 | D        | Found a burning altar of Makhleb.
   380 | D        | Found a sparkling altar of Nemelex Xobeh.
   381 | D        | Found an iron altar of Okawaru.
   382 | D        | Found a stormy altar of Qazlal.
   383 | D        | Found a sacrificial altar of Ru.
   385 | D        | Found a bloodstained altar of Trog.
   386 | D        | Found a hide-covered altar of Uskayaw.
   387 | D        | Became a worshipper of Makhleb the Destroyer
   389 | D        | Found an ornate altar of the Wu Jian Council.
   390 | D        | Found a shimmering altar of Xom.
   391 | D        | Found a basalt altar of Yredelemnul.
   392 | D        | Found a glowing silver altar of Zin.
   393 | D        | Found a glowing golden altar of the Shining One.
   409 | D        | Got the +2 scimitar of Megalomania {flame, rC+}
   446 | D        | Noticed a two-headed ogre
   446 | D        | Noticed an orc warrior
   450 | D        | Reached * piety under Makhleb
   480 | D        | Killed a two-headed ogre
   481 | D        | Reached skill level 10 in Spellcasting
   481 | D        | Reached XP level 7. HP: 17/61 MP: 0/0
   481 | D        | Learned a level 3 spell: Stone Arrow
   481 | D        | Reached XP level 8. HP: 19/67 MP: 0/0
   485 | D        | Reached ** piety under Makhleb
   797 | D        | Noticed a white ugly thing
   797 | D        | Noticed a centaur warrior
   797 | D        | Noticed a tengu warrior
   797 | D        | Noticed a tengu warrior
   811 | D        | Killed a white ugly thing
   812 | D        | Reached skill level 10 in Fighting
   812 | D        | Reached skill level 11 in Spellcasting
   814 | D        | Reached XP level 9. HP: 21/74 MP: 0/0
   814 | D        | Learned a level 3 spell: Ozocubu's Armour
   819 | D        | Killed a centaur warrior
   819 | D        | Reached *** piety under Makhleb
   820 | D        | Reached skill level 12 in Spellcasting
   825 | D        | Killed a tengu warrior
   826 | D        | Reached skill level 10 in Dodging
   826 | D        | Reached XP level 10. HP: 21/83 MP: 0/0
   827 | D        | HP: 1/83 [tengu warrior (9)]
   827 | D        | Slain by a tengu warrior

Illustrated notes

Levels and vault maps discovered:
D:        linesprint [early_d, line_temple, items_1, d_10, items_2, lair_1,
          lair_end, items_3, orc_1, orc_end, items_4, d_15, swamp_1, shoals_1,
          snake_1, spider_1, d_20, vaults_1, items_5, swamp_end, shoals_end,
          snake_end, spider_end, vaults_end, d_27, items_6, zot_1, zot_end,
          crypt_end, forest_end, elf_end, slime_end, tomb_end, abyss_end,
          pan_hell_end]

Skill      XL: |  1  2  3  4  5  6  7  8  9 |
---------------+----------------------------+-----
Fighting       | 1 5 7 9 10 11 | 11.4
Spellcasting   | 3 6 8 10 11 12 | 12.6
Dodging        | 6 8 10 | 10.2
Stealth        | |  1.5

Action                   |  1- 3 |  4- 6 |  7- 9 | 10-12 || total
-------------------------+-------+-------+-------+-------++-------
 Cast: Shock             |    11 |     9 |     6 |       ||    26
       Static Discharge  |       |     5 |     1 |       ||     6
       Airstrike         |       |     4 |     1 |       ||     5
       Stone Arrow       |       |       |    14 |     2 ||    16
Evoke: Wand              |       |       |     1 |       ||     1
  Use: Potion            |       |     2 |     3 |       ||     5
Armor: Robe              |       |     2 |     2 |       ||     4
Dodge: Dodged            |       |     2 |    14 |     3 ||    19
       Rpst.: Scimitar   |       |       |     3 |       ||     3

Table legend: (Time is in decaauts)
 A = Elapsed time spent in this place.
 B = Non-inter-level travel time spent in this place.
 C = Inter-level travel time spent in this place.
 D = Time resting spent in this place.
 E = Time spent auto-exploring this place.
 F = Levels seen in this place.
 G = Mean time per level.
                   A        B        C        D        E       F      G
               +--------+--------+--------+--------+--------+-----+--------+
         Total |    805 |    805 |      0 |    600 |      0 |   1 |  805.0 |
       Dungeon |    805 |    805 |      0 |    600 |      0 |   1 |  805.0 |
               +--------+--------+--------+--------+--------+-----+--------+

Top non-repeatable levels by time:
       D: 805 daAuts
